 Dungeon Crawl Stone Soup version 0.16-a0-331-g39fd2ee (webtiles) character file.

280 PolkaDot the Caller (level 6, 0/41 HPs)
             Began as a Vampire Summoner on Sept 7, 2014.
             Slain by an orc
             ... wielding a +0 flail
              (3 damage)
             ... on Level 3 of the Dungeon.
             The game lasted 00:08:47 (2436 turns).

PolkaDot the Caller (Vampire Summoner)              Turns: 2436, Time: 00:08:47

HP   0/41        AC  5     Str  7      XL: 6   Next:  5%
MP  10/10        EV 12     Int 19      God:
Gold 111         SH  0     Dex 14      Spells:  3 memorised,  3 levels left

rFire  . . .     SeeInvis +     k - +4 quarterstaff (chaos)
rCold  + . .     Clarity  .     h - +1 robe {rC+}
rNeg   . . .     rCorr    .     (no shield)
rPois  .         rRot     .     (no helmet)
rElec  .         Spirit   .     l - +0 cloak
SustAb .         Warding  .     c - +0 pair of gloves
rMut   .         Stasis   .     (no boots)
Gourm  .                        (no amulet)
MR     .....                    (no ring)
                                (no ring)

@: regenerating very quickly, not resistant to hostile enchantments, unstealthy
A: bottle blood, fangs 3, see invisible, unbreathing
a: Bottle Blood


You were on level 3 of the Dungeon.
You were almost alive.

You visited 1 branch of the dungeon, and saw 3 of its levels.

You collected 111 gold pieces.

Inventory:

Hand weapons
 k - a +4 quarterstaff of chaos (weapon)
Armour
 c - a +0 pair of gloves (worn)
 h - a +1 robe of cold resistance (worn)
 l - a +0 cloak (worn)
Magical devices
 e - a wand of flame (15)
Scrolls
 d - a scroll of fog
 f - 3 scrolls of remove curse
 i - a scroll of teleportation {unknown}
Jewellery
 g - an uncursed ring of wizardry {unknown}
Potions
 j - a potion of poison {unknown}
Books
 b - a book of Callings

   Spells                             Type                      Level
   *Summon Small Mammal               Summoning                    1
   *Call Imp                          Summoning                    2
   *Call Canine Familiar              Summoning                    3
   Summon Guardian Golem              Hexes/Summoning              4
   Summon Lightning Spire             Summoning/Air                4
   Summon Ice Beast                   Ice/Summoning                4


   Skills:
 - Level 2.1 Dodging
 - Level 3.0 Stealth
 - Level 2.0 Spellcasting
 * Level 7.3 Summonings


You had 3 spell levels left.
You knew the following spells:

 Your Spells              Type           Power        Failure   Level  Hunger
a - Summon Small Mammal   Summ           ####         1%          1    #......
d - Call Canine Familiar  Summ           ####....     2%          3    ####...
s - Call Imp              Summ           ####....     1%          2    ##.....


Dungeon Overview and Level Annotations

Branches:
Dungeon (3/15)

Altars:


Innate Abilities, Weirdness & Mutations

Your natural rate of healing is extremely fast.
You can bottle blood from corpses.
You have razor-sharp teeth.
You have supernaturally acute eyesight.
You can survive without breathing.


Message History

The orc priest hits your hound.
Your crimson imp barely misses the orc priest.
You hit the orc.
The orc is severely wounded.
Your hound barely misses the orc priest.
Your hound bites the orc priest.
The orc priest mumbles some strange prayers to Beogh against you.
Something smites you!
* * * LOW HITPOINT WARNING * * *
The orc closely misses you.
Your crimson imp closely misses the orc priest.
Drink which item? (? for menu, Esc to quit)
Magic courses through your body.
It was a potion of magic.
Your hound bites the orc priest.
The orc priest invokes the aid of Beogh against you.
Your hound convulses in agony!
Your crimson imp hits the orc priest.
Your hound closely misses the orc priest.
The orc hits you with a flail.
You die...

#### #.. ##### ###.. #.... #....
#.... #...# #.... #...# #.... #
######.%.########## #.... .
..5oh5[.oo@..%....## #.... #
######...########..# #..%. #
#####.........## #....
################.........%###....
...)...........'.................
################........#..#####.
......# #........##.#.....
#####'###### #).......##.#.####
...........# #........##...#


You could see an orc priest, 2 orcs, a friendly hound, a friendly crimson imp
and a friendly shadow imp.

Vanquished Creatures
  A centaur (D:3)
  Sigmund (D:3)
  3 gnolls (D:2)
  2 adders
  2 worms (D:3)
  3 giant geckos
  3 orcs (D:3)
  7 bats
  5 giant cockroaches (D:3)
  6 goblins
  9 hobgoblins
  4 jackals (D:3)
  3 giant newts
  6 kobolds
  4 rats
59 creatures vanquished.

Vanquished Creatures (collateral kills)
  Crazy Yiuf (D:2)
  An adder (D:3)
  An orc (D:3)
  A bat (D:1)
  A goblin (D:1)
  2 hobgoblins
  A jackal (D:3)
8 creatures vanquished.

Vanquished Creatures (others)
  A hound (D:3)
  A rat (D:1)
2 creatures vanquished.

Grand Total: 69 creatures vanquished

Notes
Turn   | Place    | Note
--------------------------------------------------------------
     0 | D:1      | PolkaDot, the Vampire Summoner, began the quest for the Orb.
     0 | D:1      | Reached XP level 1. HP: 13/13 MP: 3/3
   485 | D:1      | Reached XP level 2. HP: 17/19 MP: 4/4
   489 | D:1      | Learned a level 2 spell: Call Imp
   994 | D:2      | Noticed Crazy Yiuf
  1010 | D:2      | Killed Crazy Yiuf
  1010 | D:2      | Reached skill level 5 in Summonings
  1010 | D:2      | Reached XP level 3. HP: 6/24 MP: 0/6
  1610 | D:2      | Reached XP level 4. HP: 26/30 MP: 7/7
  1624 | D:2      | Learned a level 3 spell: Call Canine Familiar
  1782 | D:3      | Reached skill level 6 in Summonings
  1831 | D:3      | Noticed Sigmund
  1908 | D:3      | Killed Sigmund
  1908 | D:3      | Reached XP level 5. HP: 26/35 MP: 1/9
  2051 | D:3      | Noticed a centaur
  2065 | D:3      | Killed a centaur
  2065 | D:3      | Reached skill level 7 in Summonings
  2191 | D:3      | Reached XP level 6. HP: 29/41 MP: 10/10
  2435 | D:3      | HP: 2/41 [orc priest/divine providence (17)]
  2436 | D:3      | Slain by an orc

Action                   |  1- 3 |  4- 6 || total
-------------------------+-------+-------++-------
Melee: Unarmed           |    26 |       ||    26
       Dagger            |    54 |       ||    54
       Quarterstaff      |    19 |    75 ||    94
 Cast: Summon Small Mamm |     3 |       ||     3
       Call Imp          |     2 |     4 ||     6
       Call Canine Famil |       |     3 ||     3
 Abil: Bottle Blood      |       |     1 ||     1
  Use: Potion            |     3 |     5 ||     8
       Scroll            |     3 |     4 ||     7
 Stab: Sleeping          |     1 |       ||     1
       Invisible         |       |     1 ||     1
       Confused          |       |     1 ||     1
  Eat: Corpse            |    14 |     8 ||    22
